AoeStats
← phamtrankhoanhi202

Four Lakes

510137598Analyzed
1v1 RM · 3d ago on Sep 29, 2026· 18m 30s· 2 players
Game mode
Random Map
Map size
Tiny (2 player)
Population
200
Speed
Normal
Resources
Standard
Victory
Conquest
Starting age
Dark Age
Ending age
Imperial Age
RankedLock teamsTeams togetherTeam positionsShared explorationLock speedFull tech treeHidden civsTurbo modeCheats
Victory
Defeat
🇻🇳 Franks · Vietnam
914
+14
🇬🇪 Khmer · Georgia
880
-14
EleneGeorgia
0:43 Loom
10:07 Feudal Age
10:57 Town Watch
11:46 Man-at-Arms
20:13 Castle Age
phamtrankhoanhi202
10:29 Feudal Age
8:45 Loom
15:39 Castle Age
16:02 Forging
18:34 Scale Barding Armor
Connection lost

Rejoining the realm…

Still unreachable

The connection could not be restored.

Session expired

The server has moved on; the page needs a fresh start.